 Dungeon Crawl Stone Soup version 0.25.1-1-g288607f5aa (webtiles) character file.

Game seed: 18115499124085314001

46 Descartes the Sneak (level 3, -12/18 HPs)
             Began as a Felid Wanderer on July 25, 2020.
             Shot with an arrow by a centaur (13 damage)
             ... on level 2 of the Dungeon.
             The game lasted 00:02:19 (937 turns).

Descartes the Sneak (Felid Wanderer)                 Turns: 937, Time: 00:02:20

Health: -12/18     AC:  1    Str:  8    XL:     3   Next: 46%
Magic:  4/4        EV: 15    Int: 13    God:
Gold:   46         SH:  0    Dex: 16    Spells: 2/2 levels left
                                        Lives:  0   Deaths: 0

rFire    . . .     SeeInvis +     - Unarmed
rCold    . . .     Gourm    .   (shield unavailable)
rNeg     . . .     Faith    .   (armour unavailable)
rPois    .         Spirit   .   (helmet unavailable)
rElec    .         Reflect  .   (cloak unavailable)
rCorr    +         Harm     .   (gloves unavailable)
MR       .....                  (boots unavailable)
Stlth    +++.......             (no amulet)
HPRegen  0.06/turn              o - ring of resist corrosion
MPRegen  0.09/turn              (no ring)

@: quick
A: very small, no armour, no weapons or thrown items, stealth, claws 1, fangs 3,
see invisible, carnivore, speed 1, shaggy fur 1, slow metabolism 1, sharp paws
a: no special abilities


You were on level 2 of the Dungeon.
You were completely stuffed.

You visited 1 branch of the dungeon, and saw 2 of its levels.

You collected 46 gold pieces.

Inventory:

Missiles
 e - 23 stones
Jewellery
 o - a ring of resist corrosion (left paw)
Wands
 d - a wand of random effects (15)
Scrolls
 b - a scroll of fear
 h - 2 scrolls of remove curse
 i - a scroll of amnesia {unknown}
 j - a scroll of teleportation {unknown}
 k - a scroll of fog {unknown}
 l - 4 scrolls of identify {unknown}
Potions
 a - a potion of heal wounds
 c - a potion of lignification
 g - a potion of curing {unknown}
 n - a potion of mutation {unknown}
 p - a potion of invisibility {unknown}
 q - a potion of degeneration {unknown}
Comestibles
 f - a ration
 m - 2 chunks of flesh


   Skills:
 - Level 4.0 Fighting
 + Level 5.0 Stealth
 - Level 4.0 Unarmed Combat
 - Level 1.1 Evocations


You had 2 spell levels left.
You didn't know any spells.
Your spell library was empty.

Dungeon Overview and Level Annotations

Branches:
Dungeon (2/15)

Altars:


Innate Abilities, Weirdness & Mutations

You cannot wear armour.
You are incapable of wielding weapons or throwing items.
Your paws allow you to move quietly. (Stealth)
You have sharp claws.
You have razor-sharp teeth.
You have supernaturally acute eyesight. (SInv)
You are carnivorous and can eat meat at any time.
You cover ground quickly.
You are covered in fur. (AC +1)
You have a slow metabolism.
Your sharp claws are effective at attacking unaware monsters.


Message History

You kill the bat!
You hear a shout!
The hobgoblin throws a stone.
The stone hits you but does no damage.
The hobgoblin throws a stone.
The stone closely misses you.
You see here a bat corpse.
The hobgoblin throws a stone.
The stone closely misses you.
The centaur wields a +0 shortbow.
The centaur shoots an arrow.
The arrow barely misses you.
You claw the hobgoblin!
You kill the hobgoblin!
The centaur shoots an arrow.
The arrow hits you!
Ouch! That really hurt!
* * * LOW HITPOINT WARNING * * *
You are too injured to fight recklessly!
You are too injured to fight recklessly!
You see here a bat corpse.
You see here a stone.
The centaur shoots an arrow.
The arrow hits you!
Ouch! That really hurt!
You die...

#(......# #!......#
#.......# ####.....).#
.....!.....###.
####.#c........
#.†###.###.# #((# ...
#.@###.### .###..(..#
.......#.#############
........(........÷...#
#..###..#.###########>#
.. ?......# #.# #
......### #.# ..##..#
#.# #. #.. #<#


You could see a centaur.

Vanquished Creatures
  2 adders (D:2)
  An ooze (D:1)
  A dart slug (D:1)
  2 giant cockroaches (D:1)
  4 goblins (D:1)
  A hobgoblin (D:2)
  3 jackals (D:1)
  A kobold (D:1)
  A ball python (D:1)
  3 bats
  A frilled lizard (D:1)
  2 rats
  A toadstool (D:1)
23 creatures vanquished.

Vanquished Creatures (others)
  3 toadstools (D:1)
3 creatures vanquished.

Grand Total: 26 creatures vanquished

Notes
Turn   | Place    | Note
-------+----------+-------------------------------------------
     0 | D:1      | Descartes the Felid Wanderer began the quest for the Orb.
     0 | D:1      | Descartes set off with the following items: a potion of
                  | heal wounds, a scroll of fear, a potion of lignification, a
                  | wand of random effects (15), a ration
     0 | D:1      | Reached XP level 1. HP: 11/11 MP: 2/2
   101 | D:1      | Reached skill level 2 in Stealth
   441 | D:1      | Reached skill level 3 in Stealth
   441 | D:1      | Reached XP level 2. HP: 15/15 MP: 3/3
   677 | D:1      | Reached skill level 4 in Stealth
   876 | D:2      | Reached XP level 3. HP: 18/18 MP: 4/4
   883 | D:2      | Noticed a centaur
   928 | D:2      | Reached skill level 5 in Stealth
   937 | D:2      | Shot with an arrow by a centaur

Illustrated notes

Levels and vault maps discovered:
D:1:      ldierk_water_garden, layout_loops_cross, serial_glass,
          glass_columns_a, glass_columns_a, glass_columns_b, glass_columns_b,
          glass_columns_a, glass_columns_a, hangedman_decor_points
D:2:      layout_loops_ring

Skill      XL: |  1  2  3 |
---------------+----------+-----
Stealth        | 3 4 5 |  5.0
Fighting       | |  4.0
Unarmed Combat | |  4.0
Evocations     | |  1.1

Action                   || total
-------------------------++-------
Melee: Unarmed           ||    62
       Bite              ||     4
  Use: Scroll            ||     1
 Stab: Sleeping          ||     2
  Eat: Chunk             ||     7
Armor: Skin              ||     3
Dodge: Dodged            ||    53
